 Dungeon Crawl Stone Soup version 0.28-a0-872-g80cf8599ee (webtiles) character file.

Game seed: 15875636234741526212

484102 blank1 the Slayer (level 23, -19/236 HPs)
             Began as a Minotaur Fighter on Nov 20, 2021.
             Was the Champion of Okawaru.
             Killed from afar by an ancient lich (56 damage)
             ... with a crystal spear
             ... on level 2 of the Depths.
             The game lasted 02:32:54 (52840 turns).

blank1 the Slayer (Minotaur Fighter)               Turns: 52840, Time: 02:32:54

Health: -19/236    AC: 49    Str: 34    XL:     23   Next: 47%
Magic:  26/28      EV: 22    Int:  5    God:    Okawaru [******]
Gold:   3113       SH:  5    Dex: 20    Spells: 22/22 levels left

rFire   . . .      SeeInvis .   f - +9 executioner's axe (vorpal)
rCold   + + .      Faith    .   (shield currently unavailable)
rNeg    + + .      Spirit   .   g - +10 gold dragon scales
rPois   +          Reflect  +   s - +2 hat "Doiqac" {rN+}
rElec   +          Harm     .   W - +0 cloak {Will+}
rCorr   .          Rampage  +   I - +1 pair of gloves {Str+3}
Will    ++...                   E - +2 pair of boots {rampage}
Stlth   ..........              v - amulet of Sunlight {Reflect rC+ SH+5 Stlth+}
HPRegen 0.49/turn               l - +6 ring of strength
MPRegen 0.21/turn               R - ring of Xoxtopsabex {rElec rF- rN+ Dex+6}

@: finesse-ful, studying Shields
A: horns 2, retaliatory headbutt, iridescent scales 1, clumsy 1, MP-powered
wands, sturdy frame 1
}: 3/15 runes: serpentine, barnacled, silver
a: Renounce Religion, Heroism, Finesse, Duel


You were on level 2 of the Depths.
You worshipped Okawaru.
Okawaru was exalted by your worship.
You visited 8 branches of the dungeon, and saw 39 of its levels.
You visited the Abyss 1 time.
You visited 1 bazaar.
You also visited: Bailey, Ice Cave and Desolation.

You collected 7612 gold pieces.
You spent 4499 gold pieces at shops.

Inventory:

Hand Weapons
 f - a +9 vorpal executioner's axe (weapon)
 O - the +8 mithril axe "Arga" {speed, Will+}
   (Okawaru gifted it to you on level 1 of the Depths)

   Attacks with this weapon are significantly faster.
   Will:      It increases your willpower.
 U - the +3 great mace of Uheuw {drain, rPois rF+ Will+++ Stlth-}
   (You took it off a two-headed ogre on level 12 of the Dungeon)

   A truly terrible weapon, it drains the life of any living foe it strikes.
   rF:        It protects you from fire.
   rPois:     It protects you from poison.
   Will:      It greatly increases your willpower.
   Stlth:     It makes you less stealthy.
Missiles
 b - 6 throwing nets (quivered)
Armour
 a - the +0 pair of boots of Death's Door {*Corrode rF+++ Str+6 Stlth-}
   (Okawaru gifted it to you on level 3 of the Vaults)

   Str:       It affects your strength (+6).
   rF:        It renders you almost immune to fire.
   *Corrode:  It may corrode you when you take damage.
   Stlth:     It makes you less stealthy.
 g - +10 gold dragon scales (worn)
 s - the +2 hat "Doiqac" (worn) {rN+}
   (You found it on level 2 of the Vaults)

   rN:        It protects you from negative energy.
 E - a +2 pair of boots of rampaging (worn)
 I - a +1 pair of gloves of strength (worn)
 V - a +0 kite shield of reflection
 W - a +0 cloak of willpower (worn)
Jewellery
 l - a +6 ring of strength (left hand)
 q - a ring of see invisible
 v - the amulet of Sunlight (around neck) {Reflect rC+ SH+5 Stlth+}
   (You found it on level 2 of the Vaults)

   [amulet of reflection]

   It reflects blocked missile attacks.
   rC:        It protects you from cold.
   SH:        It affects your SH (+5).
   Stlth:     It makes you more stealthy.
 C - a ring of flight
 L - an amulet of regeneration
 R - the ring of Xoxtopsabex (right hand) {rElec rF- rN+ Dex+6}
   (You found it on level 6 of the Lair of Beasts)

   [ring of dexterity]

   Dex:       It affects your dexterity (+6).
   rF:        It makes you vulnerable to fire.
   rElec:     It insulates you from electricity.
   rN:        It protects you from negative energy.
Wands
 o - a wand of polymorph (33)
 x - a wand of paralysis (41)
 y - a wand of digging (1)
 D - a wand of flame (92)
 F - a wand of mindburst (20)
 H - a wand of iceblast (43)
 N - a wand of acid (18)
Scrolls
 c - 14 scrolls of identify
 h - 7 scrolls of fear
 j - 11 scrolls of teleportation
 k - 5 scrolls of magic mapping
 m - 3 scrolls of silence
 p - a scroll of enchant weapon
 t - 5 scrolls of amnesia
 A - 3 scrolls of holy word
 J - 2 scrolls of fog
 P - 5 scrolls of immolation
 T - a scroll of brand weapon
 Z - 3 scrolls of blinking
Potions
 d - 5 potions of might
 e - 5 potions of flight
 i - 4 potions of attraction
 n - 3 potions of brilliance
 r - 2 potions of invisibility
 u - 13 potions of curing
 w - 5 potions of mutation
 z - a potion of berserk rage
 B - 4 potions of ambrosia
 G - 9 potions of haste
 K - 4 potions of magic
 M - 6 potions of lignification
 Q - 4 potions of heal wounds
 S - a potion of resistance


   Skills:
 - Level 26.0 Fighting
 - Level 23.6(24.0) Axes
 - Level 7.5(17.2) Maces & Flails
 - Level 25.0 Armour
 - Level 22.0 Dodging
 + Level 11.2 Shields
 - Level 8.0 Invocations


You had 22 spell levels left.
You didn't know any spells.
Your spell library contained the following spells:

 Spells                   Type           Power      Damage    Failure   Level
 Apportation              Tloc           0%         N/A       91%         1
 Freeze                   Ice            0%         1d3       91%         1
 Pain                     Necr           0%         1d4       91%         1
 Shock                    Conj/Air       0%         1d3       91%         1
 Corpse Rot               Necr/Air       0%         N/A       97%         2
 Ensorcelled Hibernation  Hex/Ice        0%         N/A       97%         2
 Passwall                 Tmut/Erth      0%         N/A       97%         2
 Poisonous Vapours        Pois/Air       0%         N/A       97%         2
 Wereblood                Tmut           0%         N/A       97%         2
 Dazzling Flash           Conj/Hex       0%         N/A       99%         3
 Frozen Ramparts          Ice            0%         1d2       99%         3
 Gell's Gravitas          Tloc           0%         N/A       99%         3
 Inner Flame              Hex/Fire       0%         N/A       99%         3
 Ozocubu's Armour         Ice            0%         N/A       99%         3
 Portal Projectile        Hex/Tloc       0%         N/A       99%         3
 Swiftness                Air            0%         N/A       99%         3
 Teleport Other           Tloc           0%         N/A       99%         3
 Vampiric Draining        Necr           0%         2d6       99%         3
 Airstrike                Air            0%         N/A       100%        4
 Cause Fear               Hex            0%         N/A       100%        4
 Hailstorm                Conj/Ice       0%         3d3       100%        4
 Ice Form                 Ice/Tmut       0%         N/A       100%        4
 Iskenderun's Mystic Bla  Conj/Tloc      0%         2d3       100%        4
 Leda's Liquefaction      Hex/Erth       0%         N/A       100%        4
 Agony                    Necr           0%         N/A       100%        5
 Alistair's Intoxication  Tmut/Pois      0%         N/A       100%        5
 Borgnjor's Vile Clutch   Necr/Erth      0%         N/A       100%        5
 Fireball                 Conj/Fire      0%         3d3       100%        5
 Freezing Cloud           Conj/Ice/Air   0%         6-21      100%        5
 Irradiate                Conj/Tmut      0%         3d13      100%        5
 Iskenderun's Battlesphe  Conj           0%         2d6       100%        5
 Lee's Rapid Deconstruct  Erth           0%         3d5*      100%        5
 Lightning Bolt           Conj/Air       0%         1d11      100%        5
 Manifold Assault         Tloc           0%         N/A       100%        5
 Metabolic Englaciation   Hex/Ice        0%         N/A       100%        5
 Silence                  Hex/Air        0%         N/A       100%        5
 Conjure Ball Lightning   Conj/Air       0%         3x3d6     100%        6
 Eringya's Noxious Bog    Tmut/Pois      0%         N/A       100%        6
 Starburst                Conj/Fire      0%         6d3       100%        6
 Dragon Form              Tmut           0%         N/A       100%        7
 Orb of Destruction       Conj           0%         N/A       100%        7
 Ozocubu's Refrigeration  Ice            0%         4d5       100%        7
 Borgnjor's Revivificati  Necr           0%         N/A       100%        8
 Discord                  Hex            0%         N/A       100%        8
 Ignition                 Fire           0%         3d3       100%        8
 Necromutation            Tmut/Necr      0%         N/A       100%        8
 Chain Lightning          Conj/Air       0%         N/A       100%        9
 Death's Door             Necr           0%         N/A       100%        9
 Animate Skeleton         Necr           Unusable   N/A       N/A         1
 Animate Armour           Summ/Erth      Unusable   N/A       N/A         4
 Animate Dead             Necr           Unusable   N/A       N/A         4
 Summon Forest            Summ/Tloc      Unusable   N/A       N/A         5
 Death Channel            Necr           Unusable   N/A       N/A         6
 Simulacrum               Ice/Necr       Unusable   N/A       N/A         6
 Summon Hydra             Summ           Unusable   N/A       N/A         7

Dungeon Overview and Level Annotations

Branches:
Dungeon (15/15)            Temple (1/1) D:7            Lair (6/6) D:8
 Shoals (4/4) Lair:2        Snake (4/4) Lair:4        Slime (0/5) Lair:5
    Orc (2/2) D:9             Elf (0/3) Orc:2        Vaults (5/5) D:13
  Crypt (0/3) Vaults:2     Depths (2/4) D:15         Bailey (visited)
  IceCv (visited)         Desolation (visited)

Altars:
Ashenzari
Cheibriados
Dithmenos
Elyvilon
Fedhas
Gozag
Hepliaklqana
Kikubaaqudgha
Makhleb
Nemelex Xobeh
Okawaru
Qazlal
Ru
Sif Muna
Trog
Vehumet
Wu Jian
Xom
Yredelemnul
Zin
The Shining One

Shops:
D:4 (   D:11 [   Orc:1 !   Orc:2 !:?=   Shoals:3 *   Snake:2 !:*(   Vaults:1 !
Vaults:3 :   Vaults:5 ((=:!?![

Portals:
Hell: Lair:6 Depths:1 Depths:2
Pandemonium: Depths:2
Trove: D:13 (lose all piety)

Annotations:
Shoals:2 Polyphemus


Innate Abilities, Weirdness & Mutations

You have a pair of horns on your head.
You reflexively headbutt those who attack you in melee.
You are partially covered in iridescent scales. (AC +2)
You are clumsy. (Dex -2)
You expend magic power (3 MP) to strengthen your wands.
Your movements are slightly less encumbered by armour. (ER -2)


Message History

Unknown command.
You are too injured to fight recklessly!
Unknown command.
You are too injured to fight recklessly!
Unknown command.
You are too injured to fight recklessly!
Cleave: f) +9 executioner's axe (vorpal)
Press: ? - help, Dir - move target, f - you That would be overly suicidal.
Okay, then.
Found a dagger, a glowing mace, a ring of flight and a ring mail.
You hear some strange, mumbled words.
A crystal spear appears from out of thin air!
The crystal spear hits you!!!!
* * * LOW HITPOINT WARNING * * *
The tengu warrior closely misses you.
The tengu warrior pecks you but does no damage.
You block the tengu warrior's attack.
The deep elf high priest calls down the wrath of its god upon you.
Something smites you!
* * * LOW HITPOINT WARNING * * *
Something touches you but does no damage.
Items here: )))) ? [[[[[[ †††.
You slice the deep elf high priest!! You headbutt the deep elf high priest.
The deep elf high priest is heavily wounded.
You barely miss something. You slice the tengu warrior!!
Unknown command.
You slash the tengu warrior!
You headbutt the tengu warrior, but do no damage.
The tengu warrior is severely wounded.
You barely miss something. You hit the deep elf high priest.
The tengu warrior completely misses you.
You furiously retaliate!
You headbutt the tengu warrior! The tengu warrior misses you.
The tengu warrior claws you but does no damage.
You feel much better.
You hear some strange, mumbled words.
A crystal spear appears from out of thin air!
The crystal spear hits you!!!
You die...

####..#.......###
#...#.........#.#
#...............#
#.#.............# ##
#......#........# #..
#.......#..#....#
##.[=#....#..#...#...#
#..)))#†[....#....#..# #
####### #[[{@############.#
.##...#.##..)#/$Qe.##.#...##..#
..#...#..##..:#|[.##..#...#...#
∩..#..#..(#.. #...#...#..#....#
....##.###### #.######.##.....#
..∩...#...#(##.##.#..†#.......#
....#.#...#..###..#[..#.#....##
.#>....#..#...#)..#†.#......##
..###.>.##.#######.##.......#


You could see a tengu warrior and a deep elf high priest (brilliance aura).

Vanquished Creatures
  A dread lich (Vaults:2)
  An ancient lich (Vaults:2)
  Mara (Shoals:3)
  A juggernaut (Depths:2)
  Boris (twice) (Vaults:2 Depths:2)
  Vashnia (Snake:4)
  Bai Suzhen (Arena)
  A caustic shrike (Depths:2)
  Saint Roka (Vaults:3)
  The ghost of Galytir the Slayer, an adept HOFi of Beogh (Vaults:2)
  A golden dragon (Depths:2)
  The ghost of Quudwopt the Impaler, an adept MfGl of Okawaru (Vaults:2)
  2 tentacled monstrosities (Vaults:5)
  2 hellephants (Vaults:3)
  Jorgrun (Shoals:3)
  Mlioglotl (Snake:1)
  2 liches
  3 titans (Vaults:5)
  4 quicksilver dragons
  4 sphinxes
  The ghost of Forgeling the Bewitcher, an adept FeEn of Dithmenos (Vaults:2)
  Frances (Shoals:1)
  Gastronok (Lair:1)
  3 storm dragons
  3 tengu reavers
  4 shadow dragons (Vaults:5)
  6 nagarajas
  Agnes (Snake:1)
  Donald (Shoals:3)
  5 frost giants
  4 iron dragons (Vaults:5)
  2 fire giants
  2 imperial myrmidons (Desolation)
  15 vault wardens
  A spriggan defender (Depths:2)
  23 ironbound preservers
  19 very ugly things
  2 deep elf annihilators (Vaults:5)
  A vampire knight (Depths:2)
  13 stone giants
  2 halazid warlocks (Desolation)
  An entropy weaver (Vaults:3)
  A spark wasp (Depths:2)
  15 dire elephants (Vaults:1)
  Azrael (Orc:2)
  6 merfolk javelineers (Shoals:4)
  A deep elf death mage (Vaults:5)
  5 ettins
  2 crystal guardians (Desolation)
  11 merfolk impalers
  Josephine (Shoals:1)
  15 yaktaur captains
  Snorg (Orc:2)
  2 deep elf high priests (Vaults:5)
  8 ragged hierophants (Desolation)
  8 great orbs of eyes
  2 fire dragons
  2 ice dragons
  7 ironbound thunderhulks
  5 peacekeepers (Desolation)
  2 rakshasas (Depths:1)
  8 naga warriors
  37 vault guards
  8 servants of whispers (Desolation)
  13 hydras
  3 salamander tyrants (Snake:4)
  5 boulder beetles
  2 ogre magi (D:15)
  7 ironbound frosthearts
  2 merfolk avatars
  6 anacondas
  2 catoblepae
  A spriggan air mage (Depths:2)
  8 merfolk aquamancers
  The ghost of Elogroes the Frost Mage, a journeyman GrCK of Nemelex Xobeh (D:12)
  2 death yaks (Shoals:2)
  A two-headed ogre (shapeshifter) (Depths:2)
  2 satyrs (Shoals:4)
  3 tengu warriors
  16 centaur warriors
  2 alligator snapping turtles
  A spriggan berserker (Depths:2)
  A deep troll earth mage (Depths:2)
  3 orc high priests (Orc:2)
  16 two-headed ogres
  3 shock serpents (Snake:2)
  2 thrashing horrors (Abyss:2)
  10 naga sharpshooters
  A sun demon (Lair:6)
  17 hell knights
  4 salamander mystics
  4 glowing orange brains
  A golden dragon zombie (Depths:1)
  8 sea snakes
  A death drake (shapeshifter) (Vaults:5)
  45 deep trolls
  9 naga ritualists
  A deep elf pyromancer (D:13)
  13 wizards
  8 orc knights
  2 flayed ghosts
  4 phantasmal warriors (Vaults:5)
  19 harpies
  2 sphinx zombies (Depths:1)
  14 mana vipers
  10 manticores
  12 lindwurms
  4 necromancers
  An obsidian statue (D:10)
  A shining eye (shapeshifter) (Vaults:5)
  An oklob plant (Snake:2)
  24 ironbound convokers
  2 frost giant zombies (Depths:1)
  8 orc sorcerers
  12 fauns
  37 ugly things
  7 salamanders
  29 black mambas
  7 cyclopes
  11 merfolk sirens
  A moth of wrath (shapeshifter) (Vaults:1)
  A fire giant skeleton (Depths:1)
  17 elephants
  19 vault sentinels
  A frost giant skeleton (Depths:1)
  A stone giant skeleton (Depths:1)
  A rust devil (Abyss:2)
  4 guardian serpents
  7 cane toads
  An orange demon (Lair:6)
  10 water nymphs
  2 molten gargoyles (Desolation)
  20 naga magi
  An apocalypse crab (Abyss:2)
  A gargoyle (D:13)
  6 rime drakes
  A storm dragon simulacrum (Depths:1)
  A spriggan zombie (Depths:1)
  35 yaktaurs
  A rime drake (shapeshifter) (D:13)
  A hellwing (Lair:6)
  4 freezing wraiths
  An entropy weaver simulacrum (IceCv)
  A golden dragon simulacrum (Depths:1)
  4 ice devils (Lair:6)
  2 tengu conjurers
  13 komodo dragons
  A red devil (Lair:6)
  3 polar bears
  19 wind drakes
  A troll (shapeshifter) (D:14)
  2 hornets
  A tengu simulacrum (Depths:1)
  35 merfolk
  5 trolls
  8 raiju (Abyss:2)
  50 saltlings
  A wind drake (shapeshifter) (Vaults:5)
  An ettin zombie (Depths:1)
  18 slime creatures
  17 dream sheep
  26 blink frogs
  6 snapping turtles
  2 redbacks (Vaults:3)
  A shadow (D:11)
  A redback (shapeshifter) (D:14)
  5 air elementals (Shoals:4)
  A tarantella (Vaults:3)
  27 water elementals
  2 vampires
  5 wraiths
  6 basilisks
  6 golden eyes (Abyss:2)
  7 wyverns
  81 yaks
  A steam dragon (D:9)
  2 fire elementals (Orc:2)
  5 vampire mosquitoes
  49 nagas
  2 wargs
  4 large abominations (Abyss:2)
  6 hell hounds
  20 orc warriors
  19 water moccasins
  An ice beast (D:6)
  2 small abominations (Abyss:2)
  A sky beast (D:6)
  A black bear (Lair:5)
  9 boggarts
  10 ogres
  11 wolves
  23 centaurs
  A phantom (D:4)
  7 bullfrogs
  A scorpion (D:6)
  A cane toad simulacrum (IceCv)
  5 killer bees
  7 howler monkeys
  9 wights (D:6)
  4 centaur zombies
  4 crimson imps (D:10)
  A starcursed mass (Snake:3)
  A quasit (Abyss:2)
  2 jellies
  A bullfrog zombie (D:4)
  15 orc priests
  A centaur skeleton (D:5)
  A gnoll shaman (D:8)
  An iron imp (Abyss:2)
  3 bullfrog skeletons
  An iguana (D:5)
  14 orc wizards
  2 killer bee zombies
  A wolf simulacrum (IceCv)
  Robin (D:2)
  10 gnolls
  7 adders
  16 white imps
  An ufetubus (Abyss:2)
  4 dart slugs
  61 orcs
  9 endoplasms
  2 giant cockroaches
  20 goblins
  16 hobgoblins
  13 jackals
  10 kobolds
  8 ball pythons
  6 bats
  6 rats
  5 bushes (Depths:1)
  2 pillars of salt (Desolation)
1663 creatures vanquished.

Vanquished Creatures (others)
  Nikola (Snake:4)
  A great orb of eyes (Depths:1)
  An ironbound convoker (Desolation)
  A necromancer (Depths:1)
  A phantasmal warrior (Vaults:5)
  A tengu conjurer (Depths:1)
  20 bushes (Depths:1)
  24 fungi
  139 plants
  8 toadstools (Lair:2)
  3 withered plants (Desolation)
200 creatures vanquished.

Grand Total: 1863 creatures vanquished

Notes
Turn   | Place    | Note
-------+----------+-------------------------------------------
     0 | D:1      | blank1 the Minotaur Fighter began the quest for the Orb.
     0 | D:1      | Reached XP level 1. HP: 19/19 MP: 0/0
   203 | D:1      | Reached XP level 2. HP: 27/27 MP: 1/1
   344 | D:1      | Reached skill level 1 in Dodging
   460 | D:1      | Reached skill level 4 in Fighting
   460 | D:1      | Reached XP level 3. HP: 26/33 MP: 2/2
   612 | D:1      | Found a faded altar of an unknown god.
  1240 | D:2      | Reached XP level 4. HP: 22/40 MP: 3/3
  1917 | D:2      | Noticed Robin
  1930 | D:2      | Killed Robin
  1931 | D:2      | Reached XP level 5. HP: 38/47 MP: 4/4
  2475 | D:3      | Reached skill level 5 in Fighting
  2475 | D:3      | Reached skill level 5 in Axes
  3352 | D:4      | Reached XP level 6. HP: 49/56 MP: 5/5
  3473 | D:4      | Reached skill level 6 in Fighting
  3535 | D:4      | Found Susuloas's Firing Range.
  3681 | D:4      | Reached XP level 7. HP: 57/64 MP: 6/6
  3971 | D:5      | Entered Level 5 of the Dungeon
  4004 | D:5      | Found a broken altar of Ashenzari.
  4037 | D:5      | Reached skill level 7 in Fighting
  4277 | D:5      | Reached skill level 5 in Armour
  4781 | D:5      | Reached XP level 8. HP: 66/73 MP: 7/7
  5203 | D:6      | Reached skill level 8 in Fighting
  5403 | D:6      | Found a bloodstained altar of Trog.
  5628 | D:6      | Reached skill level 9 in Fighting
  5673 | D:6      | Identified the +2 leather armour of Egalitarianism {Str+4
                  | Stlth+}
  5737 | D:6      | Found a snail-covered altar of Cheibriados.
  6266 | D:7      | Found a hazy altar of Hepliaklqana.
  6455 | D:7      | Found a white marble altar of Elyvilon.
  6479 | D:7      | Reached XP level 9. HP: 84/84 MP: 8/8
  6592 | D:7      | Found a staircase to the Ecumenical Temple.
  6732 | Temple   | Entered the Ecumenical Temple
  6767 | Temple   | Became a worshipper of Warmaster Okawaru
  7132 | D:8      | Reached skill level 1 in Invocations
  7134 | D:8      | Reached skill level 10 in Fighting
  7134 | D:8      | Reached * piety under Okawaru
  7135 | D:8      | Reached skill level 10 in Axes
  7350 | D:8      | Reached ** piety under Okawaru
  7495 | D:8      | Found a sparkling altar of Nemelex Xobeh.
  7562 | D:8      | Found a glowing silver altar of Zin.
  7762 | D:8      | Found a staircase to the Lair.
  7762 | D:8      | Noticed a komodo dragon
  7772 | D:8      | Killed a komodo dragon
  7773 | D:8      | Reached XP level 10. HP: 92/94 MP: 12/12
  8232 | D:9      | Noticed a two-headed ogre
  8238 | D:9      | Killed a two-headed ogre
  8239 | D:9      | Reached skill level 11 in Fighting
  8246 | D:9      | Reached *** piety under Okawaru
  8788 | D:9      | Paralysed by a hornet for 1 turns
  8791 | D:9      | Reached skill level 12 in Fighting
  9037 | D:9      | Found a staircase to the Orcish Mines.
  9049 | D:9      | Reached **** piety under Okawaru
  9542 | D:10     | Entered Level 10 of the Dungeon
  9877 | D:10     | Noticed an obsidian statue
  9885 | D:10     | Noticed a sixfirhy
  9885 | D:10     | Noticed a rust devil
  9885 | D:10     | Killed an obsidian statue
  9886 | D:10     | Reached skill level 5 in Dodging
 10134 | D:10     | Found a shimmering altar of Xom.
 10480 | D:10     | Found a glowing golden altar of the Shining One.
 10509 | D:10     | Reached XP level 11. HP: 94/104 MP: 13/13
 10848 | Lair:1   | Entered Level 1 of the Lair of Beasts
 10848 | Lair:1   | Noticed Gastronok
 10857 | Lair:1   | Killed Gastronok
 10857 | Lair:1   | Reached ***** piety under Okawaru
 10857 | Lair:1   | Received a gift from Okawaru
 10858 | Lair:1   | Reached skill level 10 in Armour
 11284 | Lair:1   | Noticed an eight-headed hydra
 11291 | Lair:1   | Killed an eight-headed hydra
 11318 | Lair:1   | Reached skill level 13 in Fighting
 11529 | Lair:1   | Identified a scroll of acquirement
 11529 | Lair:1   | Acquired a manual of Armour
 11545 | Lair:1   | Noticed an eight-headed hydra
 11557 | Lair:1   | Killed an eight-headed hydra
 12096 | Lair:2   | Found a frozen archway.
 12118 | IceCv    | Entered an ice cave
 12118 | IceCv    | Noticed a white ugly thing
 12124 | IceCv    | Killed a white ugly thing
 12125 | IceCv    | Found a transporter.
 12140 | IceCv    | Noticed a white ugly thing
 12146 | IceCv    | Found a transporter.
 12625 | Lair:2   | Reached XP level 12. HP: 116/116 MP: 14/14
 12682 | Lair:2   | Found a staircase to the Shoals.
 13054 | Lair:2   | Received a gift from Okawaru
 13097 | Lair:2   | Noticed a boulder beetle
 13108 | Lair:2   | Killed a boulder beetle
 13109 | Lair:2   | Reached skill level 14 in Fighting
 13237 | Lair:2   | Noticed a catoblepas
 13237 | Lair:2   | Noticed a dire elephant
 13257 | Lair:2   | Found a runed translucent door.
 14100 | Lair:2   | Killed a catoblepas
 14269 | Lair:3   | Noticed a six-headed hydra
 14280 | Lair:3   | Killed a six-headed hydra
 14738 | Lair:3   | Reached skill level 15 in Armour
 14950 | Lair:3   | Reached ****** piety under Okawaru
 14995 | Lair:3   | Noticed a five-headed hydra
 15012 | Lair:3   | Killed a nine-headed hydra
 15572 | Lair:4   | Noticed a five-headed hydra
 15583 | Lair:4   | Killed a five-headed hydra
 15587 | Lair:4   | Reached skill level 5 in Invocations
 15821 | Lair:4   | Found a staircase to the Snake Pit.
 15905 | Lair:4   | Reached XP level 13. HP: 125/125 MP: 15/15
 15910 | Lair:4   | Identified the +4 broad axe of Jidah {vorpal, Str+3}
                  | (Okawaru gifted it to you on level 4 of the Lair of Beasts)
 15910 | Lair:4   | Received a gift from Okawaru
 17013 | Lair:5   | Reached skill level 10 in Dodging
 17229 | Lair:5   | Reached skill level 15 in Fighting
 17229 | Lair:5   | Reached skill level 15 in Axes
 17251 | Lair:5   | Identified the +0 hat of Defence {+Blink rF- rCorr Int+5}
                  | (Okawaru gifted it to you on level 5 of the Lair of Beasts)
 17251 | Lair:5   | Received a gift from Okawaru
 17340 | Lair:5   | Found a staircase to the Slime Pits.
 17617 | Lair:6   | Entered Level 6 of the Lair of Beasts
 17949 | Lair:6   | Reached skill level 16 in Fighting
 18308 | Lair:6   | Identified the ring of Xoxtopsabex {rElec rF- rN+ Dex+6}
 18402 | Lair:6   | Reached XP level 14. HP: 138/138 MP: 16/16
 18406 | Lair:6   | Received a gift from Okawaru
 18593 | Lair:6   | Reached skill level 17 in Fighting
 19149 | Lair:6   | Found a burning altar of Makhleb.
 19645 | Lair:6   | Found a gateway to Hell.
 19653 | Lair:6   | Got the Collected Works on the Gliding Frostbite
 19969 | D:11     | Identified the +8 hand axe of Qifyuciq {drain, rF++}
                  | (Okawaru gifted it to you on level 11 of the Dungeon)
 19969 | D:11     | Received a gift from Okawaru
 20164 | D:11     | Found Suwnafy's Antique Armour Shoppe.
 20834 | D:12     | Reached skill level 18 in Fighting
 21205 | D:12     | Noticed Elogroes's ghost (journeyman GrCK)
 21206 | D:12     | Found a transporter.
 21208 | D:12     | Identified the +3 great mace of Uheuw {drain, rPois rF+
                  | Will+++ Stlth-}
 21365 | D:12     | Found a transporter.
 21377 | D:12     | Killed Elogroes's ghost
 21379 | D:12     | Received a gift from Okawaru
 21569 | D:13     | Received a gift from Okawaru
 21594 | D:13     | Found a flagged portal.
 21623 | Bailey   | Entered a bailey
 22653 | D:13     | Found a portal to a secret trove of treasure.
 22668 | D:13     | Received a gift from Okawaru
 22995 | D:13     | Found a gate to the Vaults.
 23022 | D:13     | Reached XP level 15. HP: 103/149 MP: 17/17
 23327 | D:13     | Identified the +7 quarterstaff "Tonk" {vorpal, Str+4 Dex+4}
                  | (Okawaru gifted it to you on level 13 of the Dungeon)
 23327 | D:13     | Received a gift from Okawaru
 24115 | D:14     | Identified the +0 scale mail of Ganwoef {rF+} (Okawaru
                  | gifted it to you on level 14 of the Dungeon)
 24115 | D:14     | Received a gift from Okawaru
 24524 | D:14     | Identified the +8 whip of Freezing Exoneration {flame,
                  | Dex+5}
 24544 | D:15     | Entered Level 15 of the Dungeon
 24752 | D:15     | Found a staircase to the Depths.
 24752 | D:15     | Noticed a fire giant
 25068 | D:15     | Paralysed by something for 2 turns
 25107 | D:15     | Acquired 1061 gold pieces
 25187 | D:15     | Reached skill level 19 in Fighting
 25315 | D:11     | Bought a spiked crystal plate armour for 2635 gold pieces
 25315 | D:11     | Identified the +4 crystal plate armour "Odghocry" {Int+4}
                  | (You bought it in a shop on level 11 of the Dungeon)
 25558 | D:15     | Killed a fire giant
 26203 | Orc:1    | Entered Level 1 of the Orcish Mines
 26223 | Orc:1    | Found Jaung's Distillery.
 26229 | Orc:1    | Gained mutation: You are occasionally teleported next to
                  | monsters. [a neqoxec]
 26241 | Orc:1    | Lost mutation: You are occasionally teleported next to
                  | monsters. [potion of mutation]
 26241 | Orc:1    | Gained mutation: You expend magic power (3 MP) to
                  | strengthen your wands. [potion of mutation]
 26241 | Orc:1    | Gained mutation: You are clumsy. (Dex -2) [potion of
                  | mutation]
 26241 | Orc:1    | Gained mutation: Your movements are slightly less
                  | encumbered by armour. (ER -2) [potion of mutation]
 26241 | Orc:1    | Gained mutation: You are partially covered in iridescent
                  | scales. (AC +2) [potion of mutation]
 26579 | Orc:2    | Entered Level 2 of the Orcish Mines
 26579 | Orc:2    | Noticed Snorg
 26584 | Orc:2    | Killed Snorg
 26888 | Orc:2    | Found a staircase to the Elven Halls.
 27116 | Orc:2    | Found Wurhesy's Distillery.
 27118 | Orc:2    | Paralysed by an orc sorcerer for 7 turns
 27511 | Orc:2    | Found Vigolee's Magic Scroll Shoppe.
 27512 | Orc:2    | Noticed Azrael
 27516 | Orc:2    | Found Inti's Jewellery Shoppe.
 27518 | Orc:2    | Killed Azrael
 27528 | Orc:2    | Bought a scroll of fog for 22 gold pieces
 27530 | Orc:2    | Found Yreonwua's Book Boutique.
 27706 | Snake:1  | Entered Level 1 of the Snake Pit
 27794 | Snake:1  | Received a gift from Okawaru
 27915 | Snake:1  | Reached XP level 16. HP: 147/162 MP: 18/18
 28066 | Snake:1  | Reached skill level 20 in Fighting
 28737 | Snake:1  | Noticed Mlioglotl
 28746 | Snake:1  | Killed Mlioglotl
 29322 | Snake:1  | Noticed Agnes
 29331 | Snake:1  | Killed Agnes
 29772 | Snake:2  | Received a gift from Okawaru
 30150 | Snake:2  | Found Cogho's Book Emporium.
 30151 | Snake:2  | Found an ornate altar of the Wu Jian Council.
 30187 | Snake:2  | Found Qicvadim's Antique Weapon Shoppe.
 30187 | Snake:2  | Found Qauq's Distillery.
 30192 | Snake:2  | Found Bighic's General Store.
 30205 | Snake:2  | Bought a potion of heal wounds for 85 gold pieces
 31833 | Snake:4  | Entered Level 4 of the Snake Pit
 31903 | Snake:4  | Cast into level 2 of the Abyss (naga)
 32274 | Abyss:2  | Reached skill level 21 in Fighting
 32301 | Snake:4  | Escaped the Abyss
 32843 | Snake:4  | Identified the +5 rapier "Ykuvieni" {flame, *Noise Int+2
                  | Dex+2 Stlth+} (Okawaru gifted it to you on level 4 of the
                  | Snake Pit)
 32843 | Snake:4  | Received a gift from Okawaru
 33407 | Snake:4  | Reached XP level 17. HP: 133/173 MP: 10/19
 33933 | Snake:4  | Noticed Vashnia
 33974 | Snake:4  | Killed Vashnia
 34134 | Snake:4  | Reached skill level 15 in Dodging
 34581 | Snake:4  | Received a gift from Okawaru
 34713 | Snake:4  | Noticed Nikola
 34729 | Snake:4  | Killed Nikola
 35005 | Snake:4  | Got a serpentine rune of Zot
 35242 | Shoals:1 | Entered Level 1 of the Shoals
 35425 | Shoals:1 | Noticed Josephine
 35455 | Shoals:1 | Killed Josephine
 35792 | Shoals:1 | Noticed Frances
 35800 | Shoals:1 | Killed Frances
 37081 | Shoals:2 | Received a gift from Okawaru
 37082 | Shoals:2 | Reached skill level 22 in Fighting
 37168 | Shoals:2 | Reached skill level 1 in Maces & Flails
 37202 | Shoals:2 | Noticed Polyphemus
 37368 | Shoals:3 | Noticed Mara
 37384 | Shoals:3 | Killed Mara
 37385 | Shoals:3 | Reached XP level 18. HP: 166/184 MP: 1/20
 37385 | Shoals:3 | Noticed Jorgrun
 37397 | Shoals:3 | Killed Jorgrun
 37398 | Shoals:3 | Reached skill level 5 in Maces & Flails
 37770 | Shoals:3 | Noticed Donald
 37782 | Shoals:3 | Killed Donald
 37894 | Shoals:3 | Noticed Bai Suzhen
 37915 | Arena    | Entered the Arena
 37927 | Arena    | Killed Bai Suzhen
 38032 | Shoals:3 | Found Zoyfen's Assorted Antiques.
 38270 | Shoals:4 | Entered Level 4 of the Shoals
 38316 | Shoals:4 | Received a gift from Okawaru
 38771 | Shoals:3 | Bought a translucent marble ring for 160 gold pieces
 38771 | Shoals:3 | Identified the ring "Gefex" {rElec rF- Str+4 SInv Stlth+}
                  | (You bought it in a shop on level 3 of the Shoals)
 38771 | Shoals:3 | Bought a scroll of enchant armour for 240 gold pieces
 38771 | Shoals:3 | Bought a scroll of blinking for 240 gold pieces
 38822 | Shoals:4 | Paralysed by an air elemental for 1 turns
 39320 | Shoals:4 | Found a radiant altar of Vehumet.
 39344 | Shoals:4 | Paralysed by an air elemental for 1 turns
 39353 | Shoals:4 | Reached skill level 23 in Fighting
 39552 | Shoals:4 | Paralysed by an air elemental for 1 turns
 39656 | Shoals:4 | Identified the +1 cloak of the Ecumenical Temple {rPois rN+
                  | Dex+6}
 40035 | Shoals:4 | Got a barnacled rune of Zot
 40039 | Shoals:4 | Got Sif Muna's Catalogue of the Eternal Void
 40338 | Vaults:1 | Entered Level 1 of the Vaults
 40396 | Vaults:1 | Received a gift from Okawaru
 40440 | Vaults:1 | Found a crumbling gateway.
 40461 | Desolati | Entered the Desolation of Salt
 40624 | Desolati | Reached skill level 24 in Fighting
 40728 | Desolati | Identified the ring of Ystrel {Wiz Dex+3}
 40748 | Desolati | Got Xafuzoih's Compendium of Ashen Air
 40750 | Desolati | Got the Grimoire of the Glacier
 40775 | Desolati | Reached XP level 19. HP: 198/198 MP: 21/21
 40877 | Desolati | Identified the ring of the Thistle {rC+ MP+9}
 41202 | Desolati | Got the Tome of Displacement
 41205 | Desolati | Identified the +8 hunting sling of Huozemio {vorpal, rN+}
 41206 | Desolati | Identified the +2 fustibalus "Jaklapei" {flame, Str+2
                  | Stlth+}
 41211 | Desolati | Identified the +10 lajatang of the Shimmering Madman
                  | {drain, rC++ Int+3 SInv}
 41216 | Desolati | Got the Tome of Mutagenic Cold
 41311 | Desolati | Received a gift from Okawaru
 41637 | Vaults:1 | Found Hupt's Distillery.
 41659 | Vaults:1 | Bought a potion of experience for 500 gold pieces
 41659 | Vaults:1 | Bought a potion of heal wounds for 50 gold pieces
 41659 | Vaults:1 | Bought a potion of heal wounds for 50 gold pieces
 41668 | Vaults:1 | Reached XP level 20. HP: 207/209 MP: 22/22
 42192 | Vaults:1 | Received a gift from Okawaru
 42220 | Vaults:1 | Reached skill level 25 in Fighting
 42638 | Vaults:2 | Found a runed translucent gate.
 42638 | Vaults:2 | Found a runed translucent gate.
 42638 | Vaults:2 | Found a runed translucent gate.
 42638 | Vaults:2 | Found an ancient bone altar of Kikubaaqudgha.
 42638 | Vaults:2 | Noticed Quudwopt's ghost (adept MfGl)
 42638 | Vaults:2 | Noticed Forgeling's ghost (adept FeEn)
 42638 | Vaults:2 | Noticed a dread lich
 42638 | Vaults:2 | Noticed an ancient lich
 42639 | Vaults:2 | Noticed Galytir's ghost (adept HOFi)
 42662 | Vaults:2 | Killed an ancient lich
 42663 | Vaults:2 | Killed a dread lich
 42663 | Vaults:2 | Received a gift from Okawaru
 42663 | Vaults:2 | Found the +6 shillelagh "Devastator" {shatter}
 42788 | Vaults:2 | Killed Quudwopt's ghost
 42816 | Vaults:2 | Killed Forgeling's ghost
 42836 | Vaults:2 | Identified the +2 hat "Doiqac" {rN+}
 42862 | Vaults:2 | Identified the amulet of Sunlight {Reflect rC+ SH+5 Stlth+}
 42908 | Vaults:2 | Killed Galytir's ghost
 43520 | Vaults:2 | Noticed Boris
 43526 | Vaults:2 | Reached XP level 21. HP: 168/217 MP: 23/23
 43542 | Vaults:2 | Killed Boris
 44410 | Vaults:2 | Received a gift from Okawaru
 44661 | Vaults:2 | Found a staircase to the Crypt.
 45089 | Vaults:3 | Noticed Saint Roka
 45102 | Vaults:3 | Killed Saint Roka
 45419 | Vaults:3 | Received a gift from Okawaru
 45477 | Vaults:3 | Found a huge runed gate.
 45477 | Vaults:3 | Found a huge runed gate.
 45482 | Vaults:3 | Found a huge runed gate.
 45482 | Vaults:3 | Found a huge runed gate.
 45483 | Vaults:3 | Found a huge runed gate.
 45483 | Vaults:3 | Found a huge runed gate.
 45483 | Vaults:3 | Found a huge runed gate.
 45484 | Vaults:3 | Found a huge runed gate.
 45484 | Vaults:3 | Found a huge runed gate.
 45484 | Vaults:3 | Found a huge runed gate.
 45488 | Vaults:3 | Found a huge runed gate.
 45488 | Vaults:3 | Found a huge runed gate.
 45488 | Vaults:3 | Found a huge runed gate.
 45488 | Vaults:3 | Found a huge runed gate.
 45488 | Vaults:3 | Found a huge runed gate.
 45488 | Vaults:3 | Found a huge runed gate.
 45489 | Vaults:3 | Found a huge runed gate.
 45490 | Vaults:3 | Found a huge runed gate.
 45491 | Vaults:3 | Found a huge runed gate.
 45502 | Vaults:3 | Found a huge runed gate.
 45502 | Vaults:3 | Found a huge runed gate.
 45502 | Vaults:3 | Found a huge runed gate.
 45502 | Vaults:3 | Found a huge runed gate.
 45502 | Vaults:3 | Found a huge runed gate.
 45502 | Vaults:3 | Found a huge runed gate.
 45503 | Vaults:3 | Found a huge runed gate.
 45504 | Vaults:3 | Found a huge runed gate.
 45505 | Vaults:3 | Found a huge runed gate.
 45513 | Vaults:3 | Found a huge runed gate.
 45513 | Vaults:3 | Found a huge runed gate.
 45513 | Vaults:3 | Found a huge runed gate.
 45513 | Vaults:3 | Found a huge runed gate.
 45513 | Vaults:3 | Found a huge runed gate.
 45513 | Vaults:3 | Found a huge runed gate.
 45514 | Vaults:3 | Found a huge runed gate.
 45515 | Vaults:3 | Found a huge runed gate.
 45711 | Vaults:3 | Found Ruupp's Book Shoppe.
 46404 | Vaults:3 | Identified the +0 pair of boots of Death's Door {*Corrode
                  | rF+++ Str+6 Stlth-} (Okawaru gifted it to you on level 3 of
                  | the Vaults)
 46404 | Vaults:3 | Received a gift from Okawaru
 47487 | Vaults:4 | Reached skill level 26 in Fighting
 47489 | Vaults:4 | Reached XP level 22. HP: 228/228 MP: 24/24
 48154 | Vaults:5 | Entered Level 5 of the Vaults
 48175 | Vaults:5 | Paralysed by a sphinx for 6 turns
 48191 | Vaults:4 | Identified the +7 dire flail of Watchfulness {flame, rPois
                  | rC- Dex+5} (Okawaru gifted it to you on level 4 of the
                  | Vaults)
 48191 | Vaults:4 | Received a gift from Okawaru
 49042 | Vaults:5 | Identified the +8 dagger "Lovox" {spect, Str+4} (Okawaru
                  | gifted it to you on level 5 of the Vaults)
 49042 | Vaults:5 | Received a gift from Okawaru
 49201 | Vaults:5 | Found Zoups's Book Boutique.
 49290 | Vaults:5 | Upgraded the game from 0.28-a0-863-g8cecda6153 to
                  | 0.28-a0-872-g80cf8599ee
 49494 | Vaults:5 | Found Potuw Kaoca's Distillery.
 49500 | Vaults:5 | Bought a potion of curing for 60 gold pieces
 49500 | Vaults:5 | Bought a potion of curing for 60 gold pieces
 49522 | Vaults:5 | Found Soqif's Armour Emporium.
 49554 | Vaults:5 | Found Cecrif's Magic Scroll Shop.
 49558 | Vaults:5 | Bought a scroll of blinking for 157 gold pieces
 49575 | Vaults:5 | Received a gift from Okawaru
 49977 | Vaults:5 | Found Nepivam's Antique Weapon Shop.
 49988 | Vaults:5 | Found Plog's Antique Weapon Emporium.
 50208 | Vaults:5 | Found Pakhodeuh's Jewellery Shop.
 50223 | Vaults:5 | Reached XP level 23. HP: 122/236 MP: 28/28
 50237 | Vaults:5 | Got a silver rune of Zot
 50686 | Vaults:5 | Found Laurinuw's Distillery.
 50690 | Vaults:5 | Bought a potion of heal wounds for 80 gold pieces
 50690 | Vaults:5 | Bought a potion of heal wounds for 80 gold pieces
 50690 | Vaults:5 | Bought a potion of heal wounds for 80 gold pieces
 51473 | Depths:1 | Entered Level 1 of the Depths
 51503 | Depths:1 | Received a gift from Okawaru
 51503 | Depths:1 | Found the +8 mithril axe "Arga" {speed, Will+}
 51642 | Depths:1 | Found a flickering gateway to a bazaar.
 51665 | Bazaar   | Entered a bazaar
 51665 | Bazaar   | Found Alexziexau's General Store.
 51706 | Bazaar   | Found Awumoc's Antique Weapon Shop.
 51732 | Bazaar   | Found Cafulieck's Antique Armour Shop.
 51788 | Depths:1 | Found a white marble altar of Elyvilon.
 52553 | Depths:2 | Reached skill level 5 in Shields
 52634 | Depths:2 | Found a one-way gate leading to the halls of Pandemonium.
 52679 | Depths:2 | Noticed a caustic shrike
 52687 | Depths:2 | Killed a caustic shrike
 52768 | Depths:2 | Noticed Boris
 52803 | Depths:2 | Noticed a juggernaut
 52804 | Depths:2 | Noticed an ancient lich
 52808 | Depths:2 | Killed Boris
 52808 | Depths:2 | Identified the +10 crystal plate armour of Spring Thaw
                  | {rCorr Str-3 Int+2} (Okawaru gifted it to you on level 2 of
                  | the Depths)
 52808 | Depths:2 | Received a gift from Okawaru
 52827 | Depths:2 | Reached skill level 10 in Shields
 52835 | Depths:2 | Killed a juggernaut
 52837 | Depths:2 | HP: 11/236 [deep elf high priest/divine providence (11)]
 52840 | Depths:2 | Killed from afar by an ancient lich

Illustrated notes

Levels and vault maps discovered:
D:1:      lemuel_arrival_funnel, layout_loops_cross,
          hellmonk_ecumenical_altar_dog_temple, hangedman_decor_push
D:2:      layout_basic, uniq_robin
D:3:      layout_rooms, kennysheep_cross_room, minmay_cut_off
D:4:      layout_cave_pools, nicolae_shop_firing_range
D:5:      layout_loops_cross, nicolae_ashenzari_panopticon
D:6:      layout_loops_cross, lemuel_coloured_pillars_altar, trog_hazing_becter
D:7:      layout_basic, nicolae_overflow_crystal_walls, lemuel_crystal_altar,
          temple_doors_e
D:8:      layout_basic, nemelex_spade_bored_becter, zin_scriptorium,
          david_lair_shrubbed, kennysheep_generic_room_11
D:9:      layout_loops_corners, david_orc_2
D:10:     layout_gridville, led_xom_imps, nicolae_tso_carved_into_rock,
          roderic_lattice_a, minivault_16
D:11:     layout_basic, serial_shops, shop
D:12:     layout_basic, gammafunk_ghost_smash, drop_trap,
          chequers_serial_rivers_large_a
D:13:     layout_basic, erik_vaults_2, enter_bailey_4,
          nicolae_trove_entry_free_sample
D:14:     layout_stronghold, minmay_misc_feat_rows
D:15:     grunt_enter_depths_giant_problem, layout_basic, nrook_campfire
Temple:   cyrus_circular_temple
Lair:1:   layout_cave_pods, minivault_23, nicolae_quartered_pool_impasse,
          uniq_gastronok
Lair:2:   gammafunk_lair_enchanted_lake, layout_loops_ring,
          elwin_shoals_entry_stream, portal_ice_cave_entry_imps
Lair:3:   statuecave_lemuel, layout_cave_pods
Lair:4:   layout_layer_cave, guppyfry_snake_entry_island
Lair:5:   layout_misc_corridors, slime_dummy, columned_hall_lemuel
Lair:6:   evil_forest, layout_small_grid
Shoals:1: layout_shoals, nicolae_shoals_nautilus_by_nature, uniq_josephine,
          uniq_frances
Shoals:2: layout_shoals, uniq_polyphemus
Shoals:3: layout_shoals, nicolae_take_the_stairs, uniq_mara, uniq_bai_suzhen,
          uniq_donald, uniq_jorgrun
Shoals:4: shoals_end_hellmonk_storm_palace [storm_palace_center_circular,
          storm_palace_corner_grid, storm_palace_corner_altar,
          storm_palace_corner_pillars, storm_palace_corner_pillars],
          serial_shops
Snake:1:  layout_chambers, uniq_agnes, uniq_mlioglotl
Snake:2:  layout_layer_cave, lemuel_oklob_altar, minmay_shoptagon
Snake:3:  layout_cave_town
Snake:4:  minmay_snake_end_coiled, layout_cave_pods,
          nicolae_snake_gridmaze_waves, uniq_nikola, uniq_vashnia
Orc:1:    layout_caves, serial_shops, shop
Orc:2:    st_orc_elflike, layout_caves, uniq_snorg, uniq_azrael
Vaults:1: portal_desolation_entry_salt, grunt_vaults_bifocal,
          ontoclasm_vaults_spin, hangedman_vaults_cutoff, v_misc_15,
          vaults_dpeg_doors, ontoclasm_vaults_hangar, hangedman_vaults_pinch,
          vaults_room_ringed_pool, vaults_dpeg_encased_lava,
          vaults_room_hallway, vaults_room_grunt_arrival_ludios,
          layout_vaults_maze, serial_shops, shop
Vaults:2: gammafunk_ghost_crypt, v_alt_pattern_2,
          nicolae_vaults_diagonal_hallway_8, vaults_standard_mumra_lines,
          vaults_dpeg_ring, minmay_crypt_entry_nasty_monster,
          ontoclasm_vaults_twist, nicolae_vaults_puzzle_piece,
          grunt_vaults_hallway_short, grunt_vaults_trifunnel,
          vaults_room_octagon, v_misc_2, ontoclasm_vaults_loading_screen,
          nicolae_vaults_little_squares_2, layout_vaults_ring, uniq_boris
Vaults:3: not_door_vault_due, nicolae_vaults_hallways_thing, grunt_vaults_swirl,
          vaults_mumra_minichess_inversion, grunt_vaults_hallway_short,
          vaults_dpeg_hooks, v_misc_29, nicolae_vaults_alarming,
          hangedman_vaults_slice, v_misc_30, layout_vaults_big_room,
          serial_shops, nicolae_shop_stone, uniq_saint_roka
Vaults:4: nicolae_vaults_murderbox, ontoclasm_vaults_idyll,
          nicolae_vaults_back_hallway, nicolae_vaults_little_ls,
          nicolae_vaults_network_quinsquares
          [nicolae_vaults_network_quincunx_subvault,
          nicolae_vaults_network_quincunx_subvault,
          nicolae_vaults_network_quincunx_subvault,
          nicolae_vaults_network_quincunx_subvault], hangedman_vaults_stitches,
          hangedman_vaults_slice, grunt_vaults_diagonal, v_misc_27,
          vaults_room_pool, v_misc_13, v_rooms_6, hangedman_vaults_cutoff,
          grunt_vaults_hallway_short, layout_vaults_omnicross
Vaults:5
Depths:1: layout_roguey, hell_entry, serial_shops, freezing_bzr,
          skrybe_limestone_x, minmay_hedge_maze, nicolae_elyvilon_peaceful_grove
Depths:2: hangedman_pleasuredromes, hell_entry, pan_entry

Skill      XL: |  1  2  3  4  5  6  7  8  9 10 11 12 13 14 15 16 17 18 19 20 21 22 23 |
---------------+----------------------------------------------------------------------+-----
Dodging        | 1 2 3 5 7 9 10 11 12 14 17 18 19 20 22 | 22.0
Fighting       | 4 5 6 7 9 10 12 13 14 16 18 19 21 22 24 25 26 | 26.0
Shields        | 4 11 | 11.2
Armour         | 4 5 6 8 9 11 15 16 17 18 19 20 21 22 24 25 | 25.0
Axes           | 3 4 5 6 7 9 10 12 13 14 16 18 19 20 21 22 23 | 23.6
Invocations    | 4 5 8 |  8.0
Maces & Flails | 4 7 |  7.5

Action                   |  1- 3 |  4- 6 |  7- 9 | 10-12 | 13-15 | 16-18 | 19-21 | 22-24 || total
-------------------------+-------+-------+-------+-------+-------+-------+-------+-------++-------
Melee: War axe           |    80 |   143 |    67 |    16 |       |       |       |       ||   306
       Headbutt          |    10 |    21 |    33 |    94 |   190 |   381 |   254 |   188 ||  1171
       Battleaxe         |       |       |    89 |   307 |   352 |       |       |       ||   748
       Flail             |       |       |       |    21 |    39 |       |       |       ||    60
       Executioner's axe |       |       |       |       |   311 |   550 |   729 |   567 ||  2157
       Great mace        |       |       |       |       |       |   703 |       |       ||   703
Throw: Boomerang         |     3 |     6 |     7 |       |       |       |       |       ||    16
Invok: Heroism           |       |       |       |     6 |     6 |     1 |     1 |       ||    14
       Finesse           |       |       |       |     2 |       |     3 |     1 |     1 ||     7
       Duel              |       |       |       |       |       |     1 |       |       ||     1
Evoke: Wand              |       |       |       |       |       |       |       |     1 ||     1
  Use: Scroll            |       |     3 |     8 |    14 |     9 |     6 |     4 |     2 ||    46
       Potion            |       |       |       |     1 |     2 |     5 |     1 |     3 ||    12
 Stab: Invisible         |       |       |       |       |       |     4 |       |       ||     4
       Distracted        |       |       |       |       |       |     1 |       |       ||     1
Armor: Scale mail        |    41 |    37 |       |       |       |       |       |       ||    78
       Chain mail        |       |    29 |    93 |    22 |       |       |       |       ||   144
       Plate armour      |       |       |       |   161 |   239 |       |       |       ||   400
       Gold dragon scale |       |       |       |       |   182 |   877 |   332 |   330 ||  1721
       Skin              |       |       |       |       |       |     5 |       |       ||     5
Dodge: Dodged            |    48 |    86 |    68 |   161 |   493 |  1040 |   441 |   345 ||  2682
Block: Buckler           |    23 |    21 |    16 |     6 |       |       |       |       ||    66
       Other             |       |       |    19 |    64 |   200 |    64 |    75 |    95 ||   517
       Reflection        |       |       |     4 |     1 |    10 |     7 |    10 |     7 ||    39

Table legend: (Time is in decaauts)
 A = Elapsed time spent in this place.
 B = Non-inter-level travel time spent in this place.
 C = Inter-level travel time spent in this place.
 D = Time resting spent in this place.
 E = Time spent auto-exploring this place.
 F = Levels seen in this place.
 G = Mean time per level.
                   A        B        C        D        E       F      G
               +--------+--------+--------+--------+--------+-----+--------+
         Total |  53068 |  49319 |   3749 |   6683 |  29347 |  45 | 1179.3 |
       Dungeon |  16890 |  15105 |   1785 |   1120 |  11430 |  15 | 1126.0 |
        Temple |     53 |     36 |     17 |      0 |     21 |   1 |   53.0 |
          Lair |   9227 |   8648 |    579 |   1578 |   5531 |   6 | 1537.8 |
        Shoals |   5240 |   4663 |    577 |    381 |   1426 |   4 | 1310.0 |
     Snake Pit |   7035 |   6687 |    348 |   1004 |   4002 |   4 | 1758.8 |
  Orcish Mines |   1373 |   1326 |     47 |    279 |    701 |   2 |  686.5 |
        Vaults |   9591 |   9225 |    366 |   1742 |   4881 |   5 | 1918.2 |
        Depths |   1184 |   1156 |     28 |      0 |    796 |   2 |  592.0 |
         Abyss |    392 |    392 |      0 |    157 |      0 |   1 |  392.0 |
        Bazaar |     86 |     86 |      0 |      0 |     70 |   1 |   86.0 |
        Bailey |    999 |    999 |      0 |    370 |    404 |   1 |  999.0 |
      Ice Cave |     44 |     44 |      0 |      0 |      0 |   1 |   44.0 |
    Desolation |    923 |    923 |      0 |     52 |     83 |   1 |  923.0 |
         Arena |     27 |     27 |      0 |      0 |      0 |   1 |   27.0 |
               +--------+--------+--------+--------+--------+-----+--------+

Top non-repeatable levels by time:
  Lair:2: 2379 daAuts
 Snake:4: 2342 daAuts
Vaults:2: 2320 daAuts
Vaults:4: 2177 daAuts
Vaults:5: 2138 daAuts
 Snake:1: 2072 daAuts
Shoals:4: 1734 daAuts
 Snake:3: 1686 daAuts
Vaults:3: 1656 daAuts
  Lair:6: 1585 daAuts
     D:9: 1533 daAuts
    D:13: 1494 daAuts
     D:8: 1483 daAuts
Shoals:1: 1442 daAuts
  Lair:4: 1388 daAuts
